 Dungeon Crawl Stone Soup version 0.20.1-1-g8b1a95d (webtiles) character file.

19572 vomix the Severer (level 12, -10/110 HPs)
             Began as a Minotaur Berserker on Aug 22, 2017.
             Was a Priest of Trog.
             Mangled by a nine-headed hydra (13 damage)
             ... on level 2 of the Lair of Beasts.
             The game lasted 00:36:38 (13785 turns).

vomix the Severer (Minotaur Berserker)             Turns: 13785, Time: 00:36:38

Health: -10/110    AC: 18    Str: 24    XL:     12   Next: 37%
Magic:  16/16      EV: 13    Int:  4    God:    Trog [***...]
Gold:   916        SH:  0    Dex: 18    Spells: 11/11 levels left

rFire    . . .     SeeInvis .   r - +0 war axe
rCold    . . .     Gourm    .   (no shield)
rNeg     . . .     Faith    .   y - +0 plate armour (curse)
rPois    +         Spirit   .   (helmet restricted)
rElec    .         Reflect  .   (no cloak)
rCorr    .         Harm     +   I - +0 pair of gloves
MR       .....                  l - +0 pair of boots
Stlth    ..........             w - amulet of harm
Regen    0.3/turn               m - ring of poison resistance
MPRegen  0.2/turn               (no ring)

@: agile, very slightly contaminated
A: retaliatory headbutt, horns 2
a: Berserk, Trog's Hand, Burn Spellbooks, Renounce Religion


You were on level 2 of the Lair of Beasts.
You worshipped Trog.
Trog was most pleased with you.
You were hungry.

You visited 2 branches of the dungeon, and saw 13 of its levels.

You collected 916 gold pieces.

Inventory:

Hand Weapons
 r - a +0 war axe (weapon)
Missiles
 K - 7 tomahawks of returning (quivered)
Armour
 l - a +0 pair of boots (worn)
 y - a cursed +0 plate armour (worn)
 I - a +0 pair of gloves (worn)
Jewellery
 m - a ring of poison resistance (left hand)
 w - an amulet of harm (around neck)
Wands
 i - a wand of polymorph (12/24)
 v - a wand of paralysis (1/24)
 x - a wand of lightning (12/15)
 A - a wand of flame (19/48)
 D - a wand of random effects (18/48)
 E - a wand of iceblast (0/15)
 H - a wand of acid (4/15)
Scrolls
 d - 14 scrolls of remove curse
 g - a scroll of magic mapping {unknown}
 k - 5 scrolls of teleportation
 n - a scroll of fear {unknown}
 o - a scroll of blinking
 p - 3 scrolls of recharging {unknown}
 q - 4 scrolls of enchant armour {unknown}
 t - 2 scrolls of enchant weapon {unknown}
 u - a scroll of amnesia {unknown}
 B - a scroll of holy word {unknown}
 C - a scroll of summoning {unknown}
 F - a scroll of identify
 G - a scroll of fog {unknown}
Potions
 a - a potion of lignification
 b - 3 potions of curing
 e - a potion of heal wounds
 j - a potion of flight
 z - 2 potions of resistance
Books
 L - a book of Battle

   Spells                             Type                      Level
   a - Infusion                       Charms                       1
   b - Shroud of Golubria             Charms/Translocation         2
   c - Song of Slaying                Charms                       2
   d - Spectral Weapon                Hexes/Charms                 3
   e - Regeneration                   Charms/Necromancy            3
   Trog disapproves of the use of such an item.
Comestibles
 c - 10 bread rations
 J - 12 royal jellies


   Skills:
 - Level 11.2 Fighting
 - Level 16.0 Axes
 - Level 11.3 Armour
 - Level 2.1 Dodging
 + Level 7.5 Evocations


You had 11 spell levels left.
You didn't know any spells.

Dungeon Overview and Level Annotations

Branches:
Dungeon (10/15)            Temple (0/1) D:5            Lair (3/6) D:10
 Shoals (0/4) Lair:2
  Snake: Lair:2-4    Spider: Lair:2-4       Orc: D:9-12

Altars:
Ashenzari
Makhleb
Ru
Uskayaw

Annotations:
D:5 exclusion: oklob sapling


Innate Abilities, Weirdness & Mutations

You reflexively headbutt those who attack you in melee.
You have a pair of horns on your head.


Message History

Your ogre hits the nine-headed hydra with a giant club!!
Evoke which item? (* to show all) (? for menu, Esc to quit)
Aiming: Paralyse
Press: ? - help, Shift-Dir - straight line, f/p - nine-headed hydra
Aim: a nine-headed hydra (almost dead, chance to defeat MR: 32%)
The nine-headed hydra easily resists.
This wand has 2 charges left.
Evoke which item? (* to show all) (? for menu, Esc to quit)
Aiming: Paralyse
Press: ? - help, Shift-Dir - straight line, f/p - nine-headed hydra
Aim: a nine-headed hydra (almost dead, chance to defeat MR: 32%)
The nine-headed hydra easily resists.
This wand has 1 charge left.
Your ogre barely misses the nine-headed hydra.
The nine-headed hydra bites you but does no damage.
The nine-headed hydra bites you.
* * * LOW HITPOINT WARNING * * *
The nine-headed hydra bites you.
* * * LOW HITPOINT WARNING * * *
The nine-headed hydra barely misses you.
The nine-headed hydra bites you!
You die...

### ########.## ##
#.#.#.#.#.#######.###.#.
.............O.D@.......
........................
................>.......
................##...#..
.........#####..# ......
.#######.# #...#.......
#.# #...)####...........
### #.>.###.....##≈≈≈##.
#.###...####..### s.#


You could see a nine-headed hydra and a friendly ogre (berserk).

Vanquished Creatures
  Erolcha (D:10)
  A hydra (Lair:1)
  3 two-headed ogres
  The ghost of equalderp2856 the Cleaver, a novice MiFi (Lair:2)
  An unseen horror (D:10)
  Joseph (Lair:1)
  An elephant (D:10)
  3 black mambas
  2 komodo dragons (Lair:1)
  2 rime drakes (Lair:2)
  2 jumping spiders (Lair:2)
  A queen bee (Lair:1)
  A troll (D:7)
  Grinder (D:6)
  2 hippogriffs
  A shadow (D:10)
  2 redbacks (Lair:2)
  3 wyverns
  7 yaks
  3 basilisks
  2 hungry ghosts (D:10)
  A water moccasin (Lair:2)
  A porcupine (Lair:1)
  4 orc warriors
  2 ice beasts (D:6)
  A sky beast (D:7)
  6 ogres
  An eye of draining (D:9)
  2 phantoms (D:9)
  5 wolves (Lair:2)
  4 crocodiles
  6 centaurs
  Blork the orc (D:6)
  3 big kobolds (D:10)
  8 bullfrogs
  A water moccasin zombie (D:7)
  4 scorpions
  33 killer bees
  The ghost of tidbits the Skirmisher, a weakling DgWn (D:4)
  4 howler monkeys
  2 electric eels
  5 crimson imps
  3 centaur zombies
  A jelly (D:8)
  A quasit (D:8)
  6 hounds
  A bullfrog skeleton (D:4)
  4 orc priests
  Ijyb (D:3)
  8 orc wizards
  A gnoll shaman (D:7)
  5 iguanas
  6 worker ants
  A killer bee zombie (D:5)
  5 gnolls
  13 adders
  A howler monkey skeleton (D:7)
  A shadow imp (D:5)
  An adder zombie (D:8)
  An adder skeleton (D:6)
  7 worms
  A dart slug (D:2)
  9 leopard geckos
  41 orcs
  A giant cockroach (D:2)
  10 goblins
  5 hobgoblins
  11 jackals
  22 kobolds
  3 quokkas
  9 bats
  4 frilled lizards
  2 leopard gecko skeletons
  A quokka skeleton (D:9)
  8 rats
  A plant (Lair:2)
331 creatures vanquished.

Vanquished Creatures (collateral kills)
  A hydra (Lair:2)
  A spiny frog (Lair:2)
  A troll (D:10)
  A hippogriff (D:7)
  2 yaks
  A basilisk (Lair:2)
  2 centaurs (D:8)
  A gnoll sergeant (D:8)
  A scorpion (D:8)
  A crimson imp (D:7)
  A quasit (D:7)
  An orc priest (D:8)
  5 gnolls
  2 orcs
  A leopard gecko skeleton (D:7)
22 creatures vanquished.

Grand Total: 353 creatures vanquished

Notes
Turn   | Place    | Note
-------+----------+-------------------------------------------
     0 | D:1      | vomix the Minotaur Berserker began the quest for the Orb.
     0 | D:1      | Reached XP level 1. HP: 19/19 MP: 0/0
   103 | D:1      | Reached skill level 4 in Axes
   158 | D:1      | Reached XP level 2. HP: 17/26 MP: 1/1
   874 | D:2      | Reached skill level 5 in Axes
   874 | D:2      | Reached XP level 3. HP: 19/31 MP: 2/2
  1212 | D:2      | Reached ** piety under Trog
  1216 | D:2      | Reached XP level 4. HP: 32/39 MP: 3/3
  1231 | D:2      | Reached skill level 6 in Axes
  1789 | D:3      | Found a burning altar of Makhleb.
  1852 | D:3      | Reached XP level 5. HP: 45/45 MP: 4/4
  1857 | D:3      | Reached skill level 7 in Axes
  2104 | D:3      | Noticed Ijyb
  2116 | D:3      | Killed Ijyb
  2164 | D:3      | Reached skill level 8 in Axes
  2312 | D:3      | Reached *** piety under Trog
  2429 | D:3      | Reached XP level 6. HP: 46/51 MP: 5/5
  2907 | D:4      | Noticed tidbits's ghost (weakling DgWn)
  2914 | D:4      | Killed tidbits's ghost
  3127 | D:4      | Reached skill level 9 in Axes
  3681 | D:4      | Got a fine chain mail
  3796 | D:4      | Identified the +4 chain mail of Vampiric Thralls {-Tele MR+ Int+8 Slay-6} (You found it on level 4 of the Dungeon)
  3824 | D:4      | Found a sacrificial altar of Ru.
  3849 | D:5      | Entered Level 5 of the Dungeon
  3858 | D:5      | Reached XP level 7. HP: 57/57 MP: 6/6
  3918 | D:5      | Noticed a yak
  3919 | D:5      | Noticed a yak
  3920 | D:5      | Noticed a yak
  3920 | D:5      | Noticed a yak
  3930 | D:5      | Killed a yak
  3930 | D:5      | Reached skill level 10 in Axes
  3932 | D:5      | Killed a yak
  3933 | D:5      | Killed a yak
  3933 | D:5      | Reached skill level 11 in Axes
  3934 | D:5      | Killed a yak
  3934 | D:5      | Reached XP level 8. HP: 18/64 MP: 7/7
  4268 | D:5      | Found a staircase to the Ecumenical Temple.
  4419 | D:5      | Reached skill level 12 in Axes
  5233 | D:6      | Found a shattered altar of Ashenzari.
  5250 | D:6      | Reached **** piety under Trog
  5299 | D:6      | Reached skill level 13 in Axes
  5322 | D:6      | Noticed Blork the orc
  5333 | D:6      | Killed Blork the orc
  5421 | D:6      | Reached XP level 9. HP: 32/70 MP: 8/8
  5748 | D:6      | Reached skill level 14 in Axes
  5769 | D:6      | Noticed Grinder
  5783 | D:6      | Killed Grinder
  6547 | D:7      | Reached skill level 15 in Axes
  6550 | D:7      | Noticed a troll
  6559 | D:7      | Killed a troll
  6837 | D:7      | Identified the Papyrus of Evil Summoning
  7206 | D:8      | Reached skill level 16 in Axes
  7440 | D:8      | Reached skill level 5 in Fighting
  7443 | D:8      | Noticed a two-headed ogre
  7443 | D:8      | Reached XP level 10. HP: 78/81 MP: 9/9
  7451 | D:8      | Killed a two-headed ogre
  8770 | D:9      | Reached skill level 10 in Fighting
  9244 | D:9      | Noticed a two-headed ogre
  9255 | D:9      | Killed a two-headed ogre
  9302 | D:9      | Reached ***** piety under Trog
  9388 | D:10     | Entered Level 10 of the Dungeon
  9408 | D:10     | Found a staircase to the Lair.
  9408 | D:10     | Noticed an elephant
  9421 | D:10     | Killed an elephant
  9421 | D:10     | Reached XP level 11. HP: 102/102 MP: 10/10
  9442 | D:10     | Noticed a two-headed ogre
  9452 | D:10     | Killed a two-headed ogre
  9452 | D:10     | Reached skill level 5 in Armour
  9796 | D:10     | Noticed Erolcha
  9803 | D:10     | Killed Erolcha
  9902 | D:10     | Killed an unseen horror
 10723 | Lair:1   | Entered Level 1 of the Lair of Beasts
 10754 | Lair:1   | Noticed a seven-headed hydra
 10767 | Lair:1   | Killed a nine-headed hydra
 10767 | Lair:1   | Reached skill level 10 in Armour
 10851 | Lair:1   | Noticed Joseph
 10865 | Lair:1   | Killed Joseph
 11925 | Lair:1   | Reached skill level 1 in Evocations
 12133 | Lair:1   | Received a gift from Trog
 12136 | Lair:1   | Reached XP level 12. HP: 85/110 MP: 12/14
 12518 | Lair:2   | Noticed equalderp2856's ghost (novice MiFi)
 12537 | Lair:2   | Killed equalderp2856's ghost
 12552 | Lair:2   | Found a hide-covered altar of Uskayaw.
 12592 | Lair:2   | Reached skill level 5 in Evocations
 12930 | Lair:2   | Found a staircase to the Shoals.
 13067 | Lair:2   | Noticed a four-headed hydra
 13078 | Lair:2   | Killed an eight-headed hydra
 13421 | Lair:2   | Noticed an eight-headed hydra
 13785 | Lair:2   | HP: 3/110 [nine-headed hydra (4)]
 13785 | Lair:2   | Mangled by a nine-headed hydra

Skill      XL: |  1  2  3  4  5  6  7  8  9 10 11 12 |
---------------+-------------------------------------+-----
Axes           | 4 5 6 8 9 11 13 16 | 16.0
Fighting       | 5 11 | 11.2
Armour         | 4 11 | 11.3
Evocations     | 4 7 |  7.5
Dodging        | |  2.1

Action                   |  1- 3 |  4- 6 |  7- 9 | 10-12 || total
-------------------------+-------+-------+-------+-------++-------
Melee: Hand axe          |    51 |    75 |       |       ||   126
       Headbutt          |     7 |    25 |    51 |    92 ||   175
       War axe           |       |    84 |   262 |   440 ||   786
Invok: Berserk           |       |     3 |     6 |    12 ||    21
       Burn Spellbooks   |       |     1 |     1 |     1 ||     3
       Trog's Hand       |       |     1 |     1 |     2 ||     4
       Brothers in Arms  |       |       |     2 |     9 ||    11
Evoke: Wand              |       |       |       |     8 ||     8
  Use: Scroll            |       |     6 |     5 |     4 ||    15
       Potion            |       |       |     1 |     5 ||     6
 Stab: Distracted        |       |       |       |     1 ||     1
       Paralysed         |       |       |       |     2 ||     2
  Eat: Chunk             |     1 |    10 |    14 |    23 ||    48
       Meat ration       |       |       |     1 |     1 ||     2
       Royal jelly       |       |       |       |     5 ||     5
       Fruit             |       |       |       |     3 ||     3
Armor: Animal skin       |     9 |     4 |       |       ||    13
       Ring mail         |       |    12 |       |       ||    12
       Chain mail        |       |    54 |    52 |       ||   106
       Plate armour      |       |       |    86 |   282 ||   368
Dodge: Dodged            |    32 |    66 |    91 |   182 ||   371
